 Dungeon Crawl Stone Soup version 0.20.1-1-g8b1a95d66d (webtiles) character file.

2344 Ivernyr the Transmogrifier (level 9, 0/58 HPs)
             Began as an Octopode Transmuter on Nov 28, 2017.
             Slain by an orc knight
             ... wielding a +0 trident
              (23 damage)
             ... in a bailey.
             The game lasted 00:41:10 (10132 turns).

Ivernyr the Transmogrifier (Octopode Transmuter)   Turns: 10132, Time: 00:41:11

Health: 0/58       AC:  2    Str:  9    XL:     9   Next: 43%
Magic:  19/21      EV: 25    Int: 19    God:
Gold:   420        SH:  0    Dex: 17    Spells: 6/12 levels left

rFire    + . .     SeeInvis .     - Unarmed
rCold    . . .     Gourm    +   (shield currently unavailable)
rNeg     + . .     Faith    .   (helmet currently unavailable)
rPois    x         Spirit   .   p - amulet of the gourmand
rElec    .         Reflect  .   e - ring of positive energy
rCorr    .         Harm     .   v - ring "Ucweleck" {Wiz rF+ Stlth+}
MR       .....                  z - ring of magical power
Stlth    +++.......             (no ring)
Regen    0.2/turn               (no ring)
MPRegen  0.2/turn               (no ring)
                                (no ring)
                                (no ring)

@: spider-form
A: almost no armour, stealthy swim, (amphibious), 8 rings, (constrict 8)
a: End Transformation


You were in a bailey.
You were very full.
You were a venomous arachnid creature.
You visited 2 branches of the dungeon, and saw 8 of its levels.
You also visited: Sewer and Bailey.

You collected 420 gold pieces.

Inventory:

Missiles
 a - 118 arrows
Jewellery
 e - a ring of positive energy (left front leg)
 p - an amulet of the gourmand (around neck)
 v - the ring "Ucweleck" (right front leg) {Wiz rF+ Stlth+}
   (You found it on level 5 of the Dungeon)

   [ring of wizardry]

   It improves your spell success rate.
   It protects you from fire.
   It makes you more stealthy.
 z - a ring of magical power (on tentacle)
Wands
 d - a wand of flame (28/48)
 w - a wand of flame (11/48)
 D - a wand of digging (10/24)
Scrolls
 h - 2 scrolls of remove curse
 i - 3 scrolls of magic mapping
 j - 2 scrolls of fear
 l - 2 scrolls of enchant armour
 n - 2 scrolls of fog
 o - 5 scrolls of teleportation
 s - a scroll of noise {unknown}
 t - 2 scrolls of enchant weapon
 u - a scroll of amnesia {unknown}
 x - 3 scrolls of blinking {unknown}
 y - 3 scrolls of recharging {unknown}
 C - a scroll of summoning {unknown}
Potions
 f - 2 potions of brilliance
 g - 2 potions of magic
 k - 9 potions of curing
 q - a potion of cancellation
 r - a potion of mutation
 A - 4 potions of might
 B - a potion of haste
Books
 b - a book of Changes

   Spells                             Type                      Level
   a - Beastly Appendage              Transmutation                1
   b - Sticks to Snakes               Transmutation                2
   c - Spider Form                    Transmutation/Poison         3
   d - Ice Form                       Ice/Transmutation            4
   e - Blade Hands                    Transmutation                5
Comestibles
 c - 5 bread rations
 m - 6 meat rations


   Skills:
 + Level 4.1 Fighting
 + Level 6.5 Dodging
 - Level 5.2 Unarmed Combat
 - Level 2.0 Spellcasting
 * Level 9.1 Transmutations


You had 6 spell levels left.
You knew the following spells:

 Your Spells              Type           Power        Failure   Level  Hunger
a - Beastly Appendage     Tmut           #####.       1%          1    #......
b - Sticks to Snakes      Tmut           #####...     1%          2    ###....
c - Spider Form           Tmut/Pois      ###.......   9%          3    ###....


Dungeon Overview and Level Annotations

Branches:
Dungeon (7/15)             Temple (1/1) D:6

Altars:
Ashenzari
Cheibriados
Dithmenos
Elyvilon
Fedhas
Gozag
Hepliaklqana
Kikubaaqudgha
Makhleb
Okawaru
Ru
Sif Muna
Trog
Uskayaw
Vehumet
Xom
Yredelemnul
Zin
The Shining One

Shops:
D:5 [

Annotations:
D:5 Smoofers's ghost, novice GrBe


Innate Abilities, Weirdness & Mutations

You cannot wear most types of armour.
You are very stealthy in the water. (Stealth+)
((You are amphibious.))
You can wear up to eight rings at the same time.
((You can use your tentacles to constrict eight enemies at once.))
((Your skin changes colour to match your surroundings (Stealth+).))
((Your rubbery body absorbs attacks. (AC +1, EV +1)))


Message History

There is a large open door here.
There is a large open door here.
There is a large open door here.
The orc knight roars a battlecry!
The orc warriors go into a battle-frenzy!
There is an open door here.
The orc warrior misses you.
The orc warrior shouts!
The orc warrior closely misses you.
Casting: Spider Form
Confirm with . or Enter, or press ? or * to list all spells.
You turn into a venomous arachnid creature.
The orc warrior completely misses you.
The orc knight hits you from afar with a trident!
The orc warrior hits you from afar with a glaive.
The orc knight hits you from afar with a trident!!
The orc warrior misses you.
You open the door.
The orc knight hits you from afar with a trident!!
You die...

#.≈.#########'###+#############.≈
#.≈.##.....##......§§.## ##.≈
#.≈..##...##..≈§§≈§§≈..+ ##..≈
#.≈≈..##.##§.§≈...§.≈≈.. ##..≈≈
#∩.≈≈..#'#..≈§§.§⌠⌠..≈≈. #..≈≈.
##.≈≈..#'#..§§oo.⌠...≈≈. #..≈≈.
#.≈≈..##.##.§§§ooo..≈≈.. ##.)≈≈
#.≈..##...#'.§≈≈≈§§≈≈..# ##..≈
#.≈)##.....##...s.....##.$$$.##.≈
#.≈.#############'#############.≈
#.≈..).).....## ...##....####..≈
#.≈≈≈≈≈≈≈≈≈≈..## )[##.###.≈≈≈≈≈≈≈
#..........≈≈..##.##...##........
##########..≈≈..###..≈..##.######
##..≈≈.....≈≈...##...###
##..≈≈≈≈≈≈≈..#######..∩
##.........## ####


You could see an orc knight and 4 orc warriors.

Vanquished Creatures
  A hippogriff (D:7)
  Duvessa (D:4)
  A sky beast (D:6)
  An ice beast (D:6)
  A centaur (D:5)
  4 bullfrogs
  Dowan (D:4)
  A wyvern skeleton (D:6)
  A howler monkey (D:5)
  2 crimson imps
  Crazy Yiuf (D:2)
  6 orc priests
  2 bullfrog skeletons
  2 iguanas
  Natasha (thrice) (D:2)
  5 orc wizards
  9 worker ants
  8 gnolls
  9 adders
  A river rat (Sewer)
  2 oozes
  2 adder zombies
  2 worms
  A dart slug (D:4)
  2 leopard geckos (D:5)
  38 orcs
  5 giant cockroaches
  15 goblins
  9 hobgoblins
  8 jackals
  3 quokkas
  15 ball pythons
  6 bats
  9 frilled lizards
  A giant cockroach zombie (D:5)
  4 kobolds
  32 rats
214 creatures vanquished.

Vanquished Creatures (collateral kills)
  The ghost of tensugalgo the Cutter, an amateur HaCK of Xom (D:4)
  An orc warrior (Bailey)
  An ogre (D:6)
  A bullfrog (Sewer)
4 creatures vanquished.

Vanquished Creatures (others)
  6 fungi (D:4)
  2 plants (D:6)
8 creatures vanquished.

Grand Total: 226 creatures vanquished

Notes
Turn   | Place    | Note
-------+----------+-------------------------------------------
     0 | D:1      | Ivernyr the Octopode Transmuter began the quest for the Orb.
     0 | D:1      | Reached XP level 1. HP: 13/13 MP: 3/3
   344 | D:1      | Reached XP level 2. HP: 18/18 MP: 5/5
   349 | D:1      | Learned a level 2 spell: Sticks to Snakes
   822 | D:1      | Reached skill level 3 in Transmutations
  1312 | D:2      | Reached XP level 3. HP: 20/23 MP: 6/6
  1317 | D:2      | Learned a level 3 spell: Spider Form
  1321 | D:2      | Noticed Natasha
  1328 | D:2      | Killed Natasha
  1410 | D:2      | Noticed Natasha
  1417 | D:2      | Killed Natasha
  1417 | D:2      | Reached XP level 4. HP: 22/28 MP: 3/7
  1518 | D:2      | Found a runed door.
  1566 | D:2      | Noticed Natasha
  1573 | D:2      | Killed Natasha
  1598 | D:2      | Noticed Crazy Yiuf
  1607 | D:2      | Killed Crazy Yiuf
  1607 | D:2      | Reached skill level 4 in Transmutations
  1607 | D:2      | Reached XP level 5. HP: 33/33 MP: 4/8
  2335 | D:3      | Reached XP level 6. HP: 37/38 MP: 2/9
  2625 | D:3      | Found a hide-covered altar of Uskayaw.
  2625 | D:3      | Found a radiant altar of Vehumet.
  2774 | D:3      | Reached skill level 5 in Transmutations
  2958 | D:4      | Found a radiant altar of Vehumet.
  3619 | D:4      | Reached XP level 7. HP: 30/43 MP: 2/10
  4068 | D:4      | Noticed tensugalgo's ghost (amateur HaCK)
  4686 | D:4      | Killed tensugalgo's ghost
  4686 | D:4      | Reached skill level 5 in Unarmed Combat
  4686 | D:4      | Reached skill level 6 in Transmutations
  4795 | D:4      | Noticed Duvessa
  4795 | D:4      | Noticed Dowan
  4809 | D:4      | Killed Duvessa
  4810 | D:4      | Killed Dowan
  5049 | D:5      | Entered Level 5 of the Dungeon
  5070 | D:5      | Reached XP level 8. HP: 44/48 MP: 7/11
  5236 | D:5      | Noticed Smoofers's ghost (novice GrBe)
  5249 | D:5      | Reached skill level 5 in Dodging
  5412 | D:5      | Got a flickering marble ring
  5413 | D:5      | Identified the ring "Ucweleck" {Wiz rF+ Stlth+} (You found it on level 5 of the Dungeon)
  5505 | D:5      | Reached skill level 7 in Transmutations
  5647 | D:5      | Found a shimmering altar of Xom.
  5763 | D:5      | Found a glowing drain.
  5772 | Sewer    | Entered a sewer
  6912 | D:5      | Found Hojunel's Antique Armour Boutique.
  7571 | D:6      | Found a staircase to the Ecumenical Temple.
  7602 | Temple   | Entered the Ecumenical Temple
  7870 | D:5      | Reached skill level 8 in Transmutations
  8348 | D:6      | Reached XP level 9. HP: 15/57 MP: 10/12
  8753 | D:6      | Found an iron altar of Okawaru.
  9489 | D:7      | Reached skill level 9 in Transmutations
  9507 | D:7      | Found a flagged portal.
  9516 | Bailey   | Entered a bailey
  9845 | Bailey   | Noticed an orc knight
 10132 | Bailey   | Slain by an orc knight

Skill      XL: |  1  2  3  4  5  6  7  8  9 |
---------------+----------------------------+-----
Transmutations | 3 4 5 6 8 9 |  9.1
Dodging        | 3 4 6 |  6.5
Unarmed Combat | 4 5 |  5.2
Fighting       | 3 4 |  4.1
Spellcasting   | |  2.0

Action                   |  1- 3 |  4- 6 |  7- 9 || total
-------------------------+-------+-------+-------++-------
Melee: Unarmed           |    71 |   155 |   418 ||   644
       Constrict         |    21 |     9 |    46 ||    76
       Tentacles         |     8 |     5 |    25 ||    38
       Punch             |     1 |     1 |     8 ||    10
       Kick              |       |     2 |    20 ||    22
 Cast: Spider Form       |     2 |    18 |    37 ||    57
       Beastly Appendage |       |     1 |    14 ||    15
       Sticks to Snakes  |       |       |    16 ||    16
Evoke: Wand              |       |       |     5 ||     5
  Use: Scroll            |       |    10 |     4 ||    14
 Stab: Sleeping          |     1 |     1 |    14 ||    16
       Distracted        |       |       |     1 ||     1
  Eat: Chunk             |     2 |    16 |    31 ||    49
Armor: Skin              |    10 |     6 |    15 ||    31
Dodge: Dodged            |    53 |   108 |   300 ||   461
